 Dungeon Crawl Stone Soup version 0.18.1-48-g4cf74bf (webtiles) character file.

482 Doomgape the Insei (level 6, -2/47 HPs)
             Began as a Demonspawn Monk on Aug 13, 2016.
             Killed from afar by a hobgoblin (7 damage)
             ... with a wand of flame
             ... on level 4 of the Dungeon.
             The game lasted 00:10:55 (4799 turns).

Doomgape the Insei (Demonspawn Monk)                Turns: 4799, Time: 00:10:57

Health: -2/47      AC:  3    Str: 13    XL:     6   Next: 87%
Magic:  6/6        EV: 13    Int: 11    God:
Gold:   171        SH:  0    Dex: 20    Spells: 0 memorised, 5 levels left

rFire  . . .     SeeInvis .       - Unarmed
rCold  + + .     Gourm    .     d - +0 leather armour
rNeg   . . .     Faith    .     (no shield)
rPois  .         Spirit   .     (no helmet)
rElec  .         Dismiss  .     (no cloak)
rCorr  .         Reflect  .     (no gloves)
SustAt .         Harm     .     (no boots)
MR     .....                    (no amulet)
Stlth  +++.......               (no ring)
                                i - ring of protection from cold

@: lethally poisoned (-2 -> -12), not resistant to hostile enchantments, fairly
stealthy
A: claws 1, thin skeletal structure 2, blink, cold resistance 1
a: Blink


You were on level 4 of the Dungeon.
You were not hungry.

You visited 1 branch of the dungeon, and saw 4 of its levels.

You collected 171 gold pieces.

Inventory:

Armour
 d - a +0 leather armour (worn)
Jewellery
 i - a ring of protection from cold (left claw)
 o - an uncursed amulet of faith
Scrolls
 e - 2 scrolls of fear
 g - 2 scrolls of remove curse
 j - 2 scrolls of noise
 k - 3 scrolls of identify
Potions
 a - 2 potions of lignification {unknown}
 f - a potion of degeneration {unknown}
 h - a potion of brilliance
Comestibles
 b - 2 bread rations
 c - a meat ration


   Skills:
 - Level 3.0 Fighting
 - Level 2.6 Dodging
 - Level 1.7 Stealth
 + Level 7.6 Unarmed Combat


You had 5 spell levels left.
You didn't know any spells.

Dungeon Overview and Level Annotations

Branches:
Dungeon (4/15)
 Temple: D:4-7

Altars:
Fedhas


Innate Abilities, Weirdness & Mutations

You have sharp fingernails.
You have a moderately thin skeletal structure (Dex +4, Stealth+).
Your flesh is cold resistant.
You can translocate small distances at will.


Message History

The scorpion is severely wounded.
You feel sick. The scorpion stings you.
* * * LOW HITPOINT WARNING * * *
You claw the scorpion!
You kill the scorpion!
* * * LOW HITPOINT WARNING * * *
You feel sick.
A stone appears from out of thin air!
The stone barely misses you.
* * * LOW HITPOINT WARNING * * *
You feel sick. Something hits you.
* * * LOW HITPOINT WARNING * * *
There is an open door, spattered with blood here.
You see here a scorpion corpse.
You scratch something.
* * * LOW HITPOINT WARNING * * *
You feel sick.
You hear a zap.
A puff of flame appears from out of thin air!
The puff of flame hits you!
You die...

#. ### #.......# ..
##.## #.#####.#
.#.##.(.####.# #.#
.............# ###.####
#.##...###### #.......
##.## #.#.#### #.#
#.#.## # #.# #....###
#@# #.....## #.{.#
#.....## #.....#
#.###.## #.......#
##....... #.........#
##...##.##
.'.........'...........
#.#.........####...##.##
#.##.......## ##. #.# #
#.#


There were no monsters in sight!

Vanquished Creatures
  The ghost of tehnar the Chopper, an amateur DDBe of Trog (D:3)
  2 scorpions (D:4)
  An orc wizard (D:3)
  An orc priest (D:3)
  Natasha (thrice) (D:2)
  An iguana (D:4)
  A worker ant (D:4)
  4 adders
  An adder skeleton (D:4)
  2 worms
  3 giant geckos
  6 orcs
  4 bats
  3 giant cockroaches
  8 goblins
  4 hobgoblins
  6 jackals
  A ball python (D:4)
  A ball python skeleton (D:4)
  2 giant newts
  11 kobolds
  9 rats
75 creatures vanquished.

Notes
Turn   | Place    | Note
--------------------------------------------------------------
     0 | D:1      | Doomgape the Demonspawn Monk began the quest for the Orb.
     0 | D:1      | Reached XP level 1. HP: 18/18 MP: 1/1
   116 | D:1      | Reached skill level 4 in Unarmed Combat
   438 | D:1      | Gained mutation: Your flesh is cold resistant. [demonic ancestry]
   438 | D:1      | Reached XP level 2. HP: 24/24 MP: 2/2
  1019 | D:2      | Reached XP level 3. HP: 29/29 MP: 3/3
  1327 | D:2      | Noticed Natasha
  1339 | D:2      | Killed Natasha
  1339 | D:2      | Reached skill level 5 in Unarmed Combat
  1479 | D:2      | Noticed Natasha
  1726 | D:2      | Killed Natasha
  1726 | D:2      | Gained mutation: You have sharp fingernails. [demonic ancestry]
  1726 | D:2      | Reached XP level 4. HP: 11/35 MP: 4/4
  1788 | D:2      | Noticed Natasha
  1796 | D:2      | Killed Natasha
  1956 | D:3      | Gained mutation: You have a somewhat thin skeletal structure (Dex +2, Stealth). [demonic ancestry]
  1956 | D:3      | Reached XP level 5. HP: 29/41 MP: 5/5
  2052 | D:3      | Noticed tehnar's ghost (amateur DDBe)
  2056 | D:3      | Gained mutation: You can translocate small distances at will. [potion of beneficial mutation]
  2553 | D:3      | Killed tehnar's ghost
  2553 | D:3      | Reached skill level 6 in Unarmed Combat
  2863 | D:3      | HP: 2/41 [goblin/dagger (1)]
  3020 | D:3      | Gained mutation: You have a moderately thin skeletal structure (Dex +4, Stealth+). [demonic ancestry]
  3020 | D:3      | Reached XP level 6. HP: 17/47 MP: 6/6
  3020 | D:3      | HP: 2/47 [orc priest/divine providence (15)]
  3763 | D:4      | HP: 2/47 [iguana (11)]
  3955 | D:3      | HP: 2/47 [orc priest/divine providence (11)]
  4257 | D:4      | Reached skill level 7 in Unarmed Combat
  4528 | D:4      | Found a blossoming altar of Fedhas.
  4799 | D:4      | Killed from afar by a hobgoblin

Skill      XL: |  1  2  3  4  5  6 |
---------------+-------------------+-----
Unarmed Combat | 4 5 6 7 |  7.6
Fighting       | |  3.0
Dodging        | |  2.6
Stealth        | |  1.7

Action                   |  1- 3 |  4- 6 || total
-------------------------+-------+-------++-------
Melee: Unarmed           |   143 |   148 ||   291
       Punch             |     2 |     5 ||     7
 Abil: Blink             |       |     1 ||     1
  Use: Potion            |       |     8 ||     8
       Scroll            |       |     9 ||     9
 Stab: Sleeping          |     4 |     3 ||     7
  Eat: Chunk             |     2 |     2 ||     4
       Bread ration      |       |     2 ||     2
Armor: Robe              |    21 |    15 ||    36
       Leather armour    |       |     3 ||     3
Dodge: Dodged            |    80 |    94 ||   174
